 Dungeon Crawl Stone Soup version 0.17-a0-580-g22c127a (webtiles) character file.

556465 Schatten the Axe Maniac (level 25, -16/244 (247) HPs)
             Began as a Minotaur Fighter on Apr 14, 2015.
             Was the Champion of Okawaru.
             Killed from afar by an orb of fire (91 damage)
             ... with a fireball
             ... on level 2 of the Realm of Zot on Apr 15, 2015.
             The game lasted 07:32:42 (52654 turns).

Schatten the Axe Maniac (Minotaur Fighter)         Turns: 52654, Time: 07:32:42

HP:   -16/244 (247) AC: 44    Str: 22 (32) XL:     25   Next: 21%
MP:   20/20         EV: 16    Int:  8 (11) God:    Okawaru [******]
Gold: 4966          SH: 29    Dex: 22 (24) Spells: 0 memorised, 25 levels left

rFire  . . .     SeeInvis .     b - +8 war axe of Overwhelming Force {flame, -Tele rPois Dex+3}
rCold  + . .     Clarity  .     u - +10 plate armour {ponderous}
rNeg   + . .     SustAb   .     V - +9 shield "Laqiweec" {rN+ Str+2 Int-3}
rPois  +         Gourm    .     (helmet restricted)
rElec  .         Spirit   .     Z - +1 cloak "Okiorghaykk" {rF+ Int+3}
rCorr  +         Warding  .     z - +0 pair of gloves "Haofum" {Regen+ rCorr MP-9 Int+3}
rMut   .         NoTele   +     f - +4 pair of boots of the Mackerel {rF- Regen+ Str+4}
MR     ++...                    Q - amulet of faith
Stlth  ..........               r - ring "Xisij" {MR+ Str+2 Dex+5 Stlth+}
                                p - +6 ring of protection

@: slow, very resistant to hostile enchantments, extremely unstealthy
A: retaliatory headbutt, horns 2, icy blue scales 1, cold resistance 1,
deterioration 2
a: Heroism, Finesse, Renounce Religion
}: 3/15 runes: serpentine, barnacled, silver


You were on level 2 of the Realm of Zot.
You worshipped Okawaru.
Okawaru was exalted by your worship.
You were not hungry.

You visited 10 branches of the dungeon, and saw 51 of its levels.
You visited the Abyss 2 times.
You visited 1 bazaar.

You collected 6896 gold pieces.
You spent 1930 gold pieces at shops.

Inventory:

Hand weapons
 b - the +8 war axe of Overwhelming Force (weapon) {flame, -Tele rPois Dex+3}
   (Okawaru gifted it to you on level 5 of the Shoals)

   It has been specially enchanted to burn those struck by it, causing extra
   injury to most foes and up to half again as much damage against particularly
   susceptible opponents.
   Big, fiery blades are also staple armaments of hydra-hunters.
   It affects your dexterity (+3).
   It protects you from poison.
   It prevents most forms of teleportation.
 s - a +0 morningstar of protection
 F - a +8 antimagic broad axe
 L - a +9 broad axe of venom
Armour
 f - the +4 pair of boots of the Mackerel (worn) {rF- Regen+ Str+4}
   (Okawaru gifted it to you on level 1 of the Shoals)

   It affects your strength (+4).
   It makes you vulnerable to fire.
   It increases your rate of regeneration.
 h - the +2 cloak of Imperfection {rF++}
   (You acquired it on level 2 of the Shoals)

   It greatly protects you from fire.
 u - a +10 plate armour of ponderousness (worn)
 z - the +0 pair of gloves "Haofum" (worn) {Regen+ rCorr MP-9 Int+3}
   (You acquired it on level 2 of the Shoals)

   It affects your intelligence (+3).
   It affects your magic capacity (-9).
   It increases your rate of regeneration.
   It protects you from acid and corrosion.
 N - a +2 cloak of poison resistance
 R - the +3 pair of boots of the Locust {rF++}
   (You found it on level 5 of the Vaults)

   It greatly protects you from fire.
 V - the +9 shield "Laqiweec" (worn) {rN+ Str+2 Int-3}
   (Okawaru gifted it to you on level 8 of the Lair of Beasts)

   It affects your strength (+2).
   It affects your intelligence (-3).
   It protects you from negative energy.
 W - a +0 pair of boots of running
 Z - the +1 cloak "Okiorghaykk" (worn) {rF+ Int+3}
   (Okawaru gifted it to you on level 5 of the Vaults)

   It affects your intelligence (+3).
   It protects you from fire.
Jewellery
 k - an uncursed amulet of stasis
 p - a +6 ring of protection (left hand)
 r - the ring "Xisij" (right hand) {MR+ Str+2 Dex+5 Stlth+}
   (You found it on level 9 of the Dungeon)

   [ring of stealth]

   It affects your strength (+2).
   It affects your dexterity (+5).
   It affects your resistance to hostile enchantments.
   It makes you more stealthy.
 Q - an amulet of faith (around neck)
 U - an uncursed ring of sustain abilities
Magical devices
 y - a wand of random effects (12)
 M - a wand of disintegration (7)
 O - a wand of paralysis (21)
Scrolls
 g - 5 scrolls of blinking
 i - 5 scrolls of fog
 m - 20 scrolls of remove curse
 o - 7 scrolls of fear
 q - 6 scrolls of recharging
 A - 10 scrolls of identify
 H - 15 scrolls of teleportation
 I - 7 scrolls of magic mapping
 P - a scroll of holy word
Potions
 a - 3 potions of cancellation
 c - 2 potions of might
 e - 5 potions of resistance
 j - 5 potions of berserk rage
 l - 4 potions of invisibility
 n - 6 potions of heal wounds
 v - 2 potions of lignification
 w - 6 potions of brilliance
 B - 4 potions of agility
 E - 11 potions of curing
 G - 5 potions of magic
 J - a potion of flight
 K - a potion of restore abilities
Comestibles
 d - 40 bread rations
 t - 2 slices of pizza
 x - 25 meat rations
 D - 8 royal jellies
 T - 2 beef jerkies


   Skills:
 + Level 24.7 Fighting
 O Level 27 Axes
 + Level 3.2(18.9) Maces & Flails
 + Level 1.2 Throwing
 + Level 16.3 Armour
 + Level 11.3 Dodging
 + Level 3.4 Stealth
 O Level 27 Shields
 + Level 1.3 Unarmed Combat
 + Level 0.7 Spellcasting
 + Level 9.7 Invocations
 - Level 1.0 Evocations


You had 25 spell levels left.
You didn't know any spells.

Dungeon Overview and Level Annotations

Branches:
Dungeon (15/15)            Temple (1/1) D:4            Lair (8/8) D:8
 Shoals (5/5) Lair:5        Snake (5/5) Lair:3        Slime (0/6) Lair:7
    Orc (4/4) D:12            Elf (2/3) Orc:3        Vaults (5/5) D:13
  Crypt (0/3) Vaults:3     Depths (5/5) D:15            Zot (2/5) Depths:5

Altars:
Ashenzari
Cheibriados
Dithmenos
Elyvilon
Fedhas
Gozag
Kikubaaqudgha
Makhleb
Nemelex Xobeh
Okawaru
Qazlal
Ru
Sif Muna
Trog
Vehumet
Xom
Yredelemnul
Zin
The Shining One
Beogh
Jiyva

Shops:
D:7 %   D:8 (   Orc:1 :   Orc:3 (   Orc:4 =[*(   Elf:1 %   Snake:2 %
Snake:5 [   Vaults:1 :   Vaults:2 =   Vaults:3 %   Vaults:5 ?

Portals:
Hell: Depths:1 Depths:2 Depths:3 Depths:5
Abyss: Depths:3 Depths:5
Pandemonium: Depths:2
Ziggurat: Depths:1

Annotations:
D:14 1 exclusion
Elf:2 3 runed doors


Innate Abilities, Weirdness & Mutations

You reflexively headbutt those who attack you in melee.
You have a pair of horns on your head.
You are partially covered in icy blue scales (AC +1).
Your flesh is cold resistant.
Your body is deteriorating.


Message History

You open the door.
There is an open door here.
There is a stone staircase leading down here.
You see here a ring mail.
An orb of fire comes into view.
The orb of fire glows yellow.
The fireball explodes!
The fireball engulfs you!
The orb of fire glows yellow.
The fireball explodes!
The fireball engulfs you!
The fireball engulfs the orb of fire.
The orb of fire completely resists.
You slash the orb of fire! You headbutt the orb of fire.
The orb of fire is lightly damaged.
The orb of fire glows bright magenta.
The bolt of fire hits you!
You closely miss the orb of fire.
You headbutt the orb of fire, but do no damage.
The orb of fire is lightly damaged.
The orb of fire glows bright magenta.
The fireball explodes!
The fireball engulfs you!
You die...

####'####'######.....#...#.....##
.......##.# ##[#..#....#.##.#
.......##.# ##.######.......#
.......##.## #..# #.......#
.......+...#####.## #.......#
.......#.........# #...<...#
.......###'#####.# #.......#
###+####.......#.# #########
#.#..+.......#@########
#.#.##.....).'*.......#
###.#.##.......#..#####.#
......##.......####
.###'###.......# .#.............#
.#.............# .#.............#
.+.............#


You could see an orb of fire.

Vanquished Creatures
  Mara (Shoals:5)
  Mennas (Depths:3)
  Sojobo (Vaults:2)
  Frederick (Vaults:3)
  Margery (Vaults:3)
  Norris (Depths:3)
  Vashnia (Snake:3)
  3 golden dragons
  Nikola (Snake:4)
  Jory (Depths:3)
  2 bone dragons
  A profane servitor (Abyss:1)
  An electric golem (Zot:1)
  4 liches
  Jorgrun (Snake:4)
  A hellephant (Zot:2)
  6 tentacled monstrosities
  Asterion (Vaults:3)
  4 titans (Vaults:5)
  An Executioner (Abyss:1)
  Polyphemus (Shoals:5)
  10 tentacled starspawn (Abyss:1)
  5 sphinxes
  A kraken (Shoals:5)
  Gastronok (Lair:2)
  13 tengu reavers
  4 shadow dragons
  4 storm dragons
  A spectral weapon (Vaults:3)
  A draconian monk (Zot:2)
  7 greater nagas
  Ilsuiw (Shoals:5)
  4 fire giants
  Donald (Vaults:2)
  4 frost giants
  2 draconian knights (Zot:1)
  3 deep elf sorcerers
  19 vault wardens
  A draconian scorcher (Depths:5)
  Aizul (Shoals:5)
  An orc warlord (Orc:4)
  A draconian shifter (Zot:2)
  A cacodemon (Abyss:1)
  4 draconian zealots
  2 spriggan defenders (Depths:2)
  3 war gargoyles
  10 ironheart preservers
  17 stone giants
  5 rakshasas
  14 very ugly things
  2 deep elf demonologists
  Nessos (Orc:3)
  5 green draconians
  5 black draconians
  A vampire knight (Depths:1)
  3 deep elf annihilators
  Azrael (D:12)
  3 purple draconians
  3 red draconians
  A lorocyproca (Abyss:1)
  3 yellow draconians
  A mottled draconian (Zot:2)
  4 white draconians
  A deep elf death mage (Elf:2)
  Snorg (Orc:2)
  9 merfolk javelineers
  3 jiangshi (Depths:1)
  15 yaktaur captains
  4 death cobs
  30 vault guards
  10 fire dragons
  4 entropy weavers
  5 merfolk impalers
  12 ettins
  A green death (Abyss:1)
  6 great orbs of eyes
  9 hydras
  Fannar (Orc:2)
  3 deep elf high priests
  10 ice dragons
  An entropy weaver (shapeshifter) (Elf:1)
  13 naga warriors
  2 catoblepae
  3 merfolk avatars
  11 centaur warriors
  Erica (D:9)
  2 alligator snapping turtles (Shoals:5)
  4 spriggan air magi
  A satyr (shapeshifter) (Vaults:5)
  4 merfolk aquamancers
  12 ogre magi
  A dancing weapon (D:13)
  8 anacondas
  4 tengu warriors
  5 deep troll earth magi
  4 salamander stormcallers
  2 deep troll shamans
  9 shock serpents
  A vampire mage (Depths:1)
  8 thrashing horrors (Abyss:1)
  20 death yaks
  11 spriggan berserkers
  5 orc high priests
  A sun demon (Elf:2)
  Urug (Lair:2)
  3 hell hogs (Abyss:1)
  21 naga sharpshooters
  Sonja (Lair:3)
  Nergalle (Orc:2)
  A fire crab (Vaults:5)
  6 wretched stars (Abyss:1)
  A spatial maelstrom (Abyss:1)
  5 deep elf knights
  5 salamander mystics
  A shadow wraith (Vaults:5)
  A deep troll (shapeshifter) (Vaults:5)
  2 ice devils (Abyss:1)
  16 hell knights
  4 unseen horrors
  20 deep trolls
  12 sea snakes
  A giant orange brain (Vaults:4)
  4 flayed ghosts
  11 naga ritualists
  3 deep elf summoners
  2 phantasmal warriors (Vaults:5)
  10 ironbrand convokers
  14 hill giants
  A hill giant (shapeshifter) (Vaults:5)
  10 deep elf conjurers
  12 manticores
  19 harpies
  2 necromancers (Vaults:3)
  6 cyclopes
  6 wolf spiders
  16 orc knights
  A draconian zombie (Zot:1)
  A stone giant zombie (Depths:5)
  13 salamanders
  8 fauns
  A shining eye (shapeshifter) (Depths:5)
  5 orc sorcerers
  47 ugly things
  5 water nymphs
  A rust devil (Depths:1)
  An elephant (shapeshifter) (Vaults:5)
  9 mana vipers
  17 griffons
  4 worldbinders (Abyss:1)
  3 hornets
  2 sixfirhies
  A draconian (shapeshifter) (Elf:1)
  2 centaur zombies
  An octopode (shapeshifter) (Vaults:2)
  A stone giant skeleton (Abyss:1)
  Maurice (Orc:2)
  4 moths of wrath
  16 sirens
  A drowned soul (Shoals:2)
  13 elephants
  26 naga magi
  An eye of devastation (Abyss:1)
  31 small abominations
  3 guardian serpents
  A torpor snail (shapeshifter) (Vaults:5)
  An apocalypse crab (Abyss:1)
  A guardian serpent (shapeshifter) (D:9)
  37 black mambas
  2 hellions (Abyss:1)
  7 spiny frogs
  14 vault sentinels
  3 gargoyles
  2 orange demons
  A yellow draconian zombie (Zot:1)
  A spiny frog (shapeshifter) (Depths:3)
  5 smoke demons
  A green draconian zombie (Zot:1)
  45 yaktaurs
  A kobold demonologist (Vaults:1)
  A yellow draconian skeleton (Zot:1)
  A blue devil (Abyss:1)
  11 komodo dragons
  11 deep elf priests
  2 fire drakes
  7 ancient zymes (Abyss:1)
  5 freezing wraiths
  4 tengu conjurers
  A jumping spider (shapeshifter) (Vaults:5)
  A tormentor (Abyss:1)
  A red devil (Abyss:1)
  A troll (shapeshifter) (Depths:2)
  36 merfolk
  An efreet (Abyss:1)
  26 blink frogs
  4 wind drakes
  6 trolls
  Grinder (D:3)
  3 polar bears
  A jumping spider (Depths:3)
  17 two-headed ogres
  11 raiju (Abyss:1)
  22 large abominations
  12 ravens
  10 snapping turtles
  A queen bee (D:11)
  A frost giant simulacrum (Vaults:3)
  3 baby alligators (shapeshifter)
  41 slime creatures
  2 tarantellas
  A hornet zombie (D:14)
  23 deep elf magi
  4 flying skulls (Abyss:1)
  5 air elementals
  5 boulder beetles
  A trapdoor spider (D:13)
  26 redbacks
  A spriggan (shapeshifter) (Vaults:3)
  47 yaks
  5 ynoxinuls (Abyss:1)
  6 spriggans
  6 fire bats (Abyss:1)
  17 deep elf fighters
  A vampire (D:12)
  25 water elementals
  4 basilisks
  3 wraiths
  A black mamba skeleton (Abyss:1)
  5 fire elementals
  12 hippogriffs
  13 vampire mosquitoes
  A spatial vortex (Abyss:1)
  7 humans
  28 wolves
  7 neqoxecs
  3 hungry ghosts
  6 chaos spawn (Abyss:1)
  A yaktaur simulacrum (Vaults:2)
  3 wyverns
  A steam dragon (Lair:4)
  3 wargs
  An insubstantial wisp (Abyss:1)
  10 porcupines
  29 water moccasins
  40 nagas
  A necrophage (D:11)
  6 hell hounds
  2 sky beasts
  A black bear (Lair:8)
  37 orc warriors
  A phantom (D:9)
  A wasp (shapeshifter) (Vaults:5)
  An ettin simulacrum (Vaults:3)
  A dwarf (shapeshifter) (Vaults:1)
  3 ice beasts
  2 eyes of draining
  A black bear (shapeshifter) (Depths:2)
  7 wasps
  46 ogres
  11 boggarts
  12 crocodiles
  19 centaurs
  A brain worm (Abyss:1)
  22 giant frogs
  5 scorpions
  27 killer bees
  An electric eel (Lair:5)
  3 crimson imps
  10 wights
  2 goliath beetles
  17 starcursed masses (Abyss:1)
  6 quasits
  4 iron imps (Abyss:1)
  A giant frog zombie (D:12)
  Crazy Yiuf (D:7)
  23 orc priests
  10 hounds
  7 iguanas
  3 jellies
  Jessica (D:3)
  A giant frog skeleton (D:12)
  5 centaur skeletons
  29 orc wizards
  8 hell rats
  23 sheep
  6 worker ants
  2 hound zombies
  An ogre zombie (Orc:4)
  A killer bee zombie (D:6)
  2 hound skeletons
  A mummy (D:13)
  A worker ant zombie (D:5)
  7 gnolls
  13 adders
  2 shadow imps
  3 white imps
  40 river rats
  4 worms
  14 ufetubi
  2 adder skeletons (D:7)
  A giant gecko (D:3)
  An ooze (D:1)
  201 orcs
  22 goblins
  10 hobgoblins
  14 jackals
  8 quokkas
  5 ball pythons
  17 bats
  3 giant cockroaches
  A giant gecko skeleton (D:7)
  8 giant newts
  10 kobolds
  An orc zombie (Orc:4)
  A quokka zombie (D:5)
  21 rats
  2 spectral orcs (Orc:2)
  3 crawling corpses
  10 fungi
  32 plants
  4 starspawn tentacles (Abyss:1)
  A starspawn tentacle segment (Abyss:1)
2457 creatures vanquished.

Vanquished Creatures (collateral kills)
  A two-headed ogre (D:9)
  An orc wizard (D:9)
  An adder skeleton (D:9)
3 creatures vanquished.

Vanquished Creatures (others)
  A draconian scorcher (Zot:2)
  A fire giant (Depths:2)
  A deep elf demonologist (Vaults:5)
  A deep troll (Vaults:5)
  A naga mage (Snake:3)
  5 drowned souls
  2 deep elf fighters
  A naga (Snake:1)
  A hell hound (D:12)
  5 spiders (D:9)
  A scorpion (D:9)
  A river rat (Lair:4)
  3 orcs
  A fungus (Lair:6)
  9 plants
  27 starspawn tentacles (Abyss:1)
  268 starspawn tentacle segments (Abyss:1)
  8 tentacles (Shoals:5)
  116 tentacle segments (Shoals:5)
453 creatures vanquished.

Grand Total: 2913 creatures vanquished

Notes
Turn   | Place    | Note
--------------------------------------------------------------
     0 | D:1      | Schatten, the Minotaur Fighter, began the quest for the Orb.
     0 | D:1      | Reached XP level 1. HP: 19/19 MP: 0/0
   140 | D:1      | Reached skill level 4 in Fighting
   149 | D:1      | Reached XP level 2. HP: 25/27 MP: 1/1
   931 | D:2      | Reached XP level 3. HP: 14/33 MP: 2/2
  1633 | D:3      | Found an opulent altar of Gozag.
  1717 | D:3      | Noticed Grinder
  1723 | D:3      | HP: 1/33 [Grinder (2)]
  1727 | D:3      | Paralysed by Grinder for 6 turns
  2030 | D:4      | Reached XP level 4. HP: 18/41 MP: 3/3
  2383 | D:4      | Reached skill level 1 in Dodging
  2460 | D:4      | Reached XP level 5. HP: 20/47 MP: 4/4
  2808 | D:4      | Reached skill level 5 in Armour
  3116 | D:4      | Found a staircase to the Ecumenical Temple.
  3127 | Temple   | Entered the Ecumenical Temple
  3328 | D:5      | Entered Level 5 of the Dungeon
  3342 | D:5      | Reached skill level 5 in Shields
  3342 | D:5      | Reached XP level 6. HP: 42/55 MP: 5/5
  3551 | D:5      | Reached skill level 5 in Fighting
  3744 | D:6      | Found an iron altar of Okawaru.
  3748 | D:6      | Became a worshipper of Warmaster Okawaru
  3849 | D:6      | Reached skill level 5 in Axes
  3849 | D:6      | Reached XP level 7. HP: 61/61 MP: 6/6
  3865 | D:6      | Found a shadowy altar of Dithmenos.
  3933 | D:6      | Found an iron altar of Okawaru.
  5203 | D:7      | Found Cadwiw's Food Boutique.
  5310 | D:7      | Got a twisted chain mail
  5325 | D:7      | Identified the +7 chain mail of Lunouzxi {-Cast rPois rCorr Int+2} (You found it on level 7 of the Dungeon)
  5445 | D:7      | Noticed Crazy Yiuf
  5451 | D:7      | Killed Crazy Yiuf
  5451 | D:7      | Acquired Okawaru's first power
  5704 | D:8      | Reached skill level 6 in Fighting
  5799 | D:8      | Reached XP level 8. HP: 40/70 MP: 7/7
  5853 | D:8      | Noticed a human
  5854 | D:8      | Noticed a human
  5855 | D:8      | Noticed a human
  5873 | D:8      | Killed a human
  5886 | D:8      | Killed a human
  5888 | D:8      | Killed a human
  5901 | D:8      | Noticed a human
  5914 | D:8      | Killed a human
  5914 | D:8      | Reached skill level 7 in Fighting
  5918 | D:8      | Found a staircase to the Lair.
  5926 | D:8      | Found Fedecra's Weapon Shop.
  5935 | D:8      | Noticed a human
  5946 | D:8      | Killed a human
  5946 | D:8      | Reached XP level 9. HP: 32/79 MP: 8/8
  5967 | D:8      | Bought a +1 broad axe of venom for 188 gold pieces
  6213 | D:8      | Noticed a human
  6215 | D:8      | Killed a human
  6215 | D:8      | Reached skill level 8 in Axes
  6610 | D:9      | Noticed a tengu warrior
  6612 | D:9      | Noticed a guardian serpent
  6623 | D:9      | Killed a guardian serpent
  6623 | D:9      | Reached skill level 5 in Dodging
  6993 | D:8      | Killed a tengu warrior
  6993 | D:8      | Reached skill level 9 in Axes
  6993 | D:8      | Reached XP level 10. HP: 39/90 MP: 9/9
  7212 | D:9      | Reached skill level 1 in Evocations
  7261 | D:9      | Acquired Okawaru's second power
  7383 | D:9      | Found a white marble altar of Elyvilon.
  7433 | D:9      | Reached skill level 1 in Stealth
  7552 | D:9      | Got a scintillating jade ring
  7597 | D:9      | Found a burning altar of Makhleb.
  7677 | D:9      | Noticed Erica
  7687 | D:9      | Killed Erica
  7687 | D:9      | Reached skill level 10 in Axes
  7797 | D:9      | Identified the ring "Xisij" {MR+ Str+2 Dex+5 Stlth+} (You found it on level 9 of the Dungeon)
  7829 | D:10     | Entered Level 10 of the Dungeon
  8766 | D:11     | Noticed a six-headed hydra
  8776 | D:11     | Killed a six-headed hydra
  8776 | D:11     | Received a gift from Okawaru
  8776 | D:11     | Reached skill level 10 in Shields
  9013 | D:11     | Noticed a cyclops
  9042 | D:11     | Killed a cyclops
  9042 | D:11     | Reached skill level 10 in Fighting
  9042 | D:11     | Reached XP level 11. HP: 93/98 MP: 10/10
  9131 | D:11     | Noticed a manticore
  9143 | D:11     | Killed a manticore
  9143 | D:11     | Reached skill level 1 in Maces & Flails
  9188 | D:11     | Noticed a hill giant
  9194 | D:11     | Killed a hill giant
  9194 | D:11     | Received a gift from Okawaru
  9196 | D:11     | Noticed a hill giant
  9212 | D:11     | Killed a hill giant
  9352 | D:11     | Reached skill level 11 in Axes
 10024 | D:12     | Noticed Azrael
 10198 | D:12     | Reached skill level 1 in Invocations
 10209 | D:12     | Killed Azrael
 10209 | D:12     | Reached skill level 10 in Armour
 10624 | D:12     | Reached skill level 12 in Axes
 10826 | D:12     | Noticed a hill giant
 10837 | D:12     | Killed a hill giant
 10837 | D:12     | Reached XP level 12. HP: 98/109 MP: 12/12
 10877 | D:12     | Noticed a six-headed hydra
 10893 | D:12     | Killed a six-headed hydra
 11035 | D:12     | Found a staircase to the Orcish Mines.
 11346 | D:13     | Received a gift from Okawaru
 11385 | D:13     | Noticed a centaur warrior
 11396 | D:13     | Killed a centaur warrior
 11396 | D:13     | Reached skill level 13 in Axes
 11417 | D:13     | Found a runed gate.
 11418 | D:13     | Found a runed gate.
 11418 | D:13     | Found a runed gate.
 11447 | D:13     | Noticed a sphinx
 11457 | D:13     | Killed a sphinx
 11459 | D:13     | Noticed an ettin
 11468 | D:13     | Killed an ettin
 11486 | D:13     | Found a runed gate.
 11486 | D:13     | Found a runed gate.
 11486 | D:13     | Found a runed gate.
 11487 | D:13     | Got a scintillating lapis lazuli ring
 11503 | D:13     | Got a steaming marble ring
 11515 | D:13     | Noticed a centaur warrior
 11530 | D:13     | Killed a centaur warrior
 11530 | D:13     | Reached skill level 14 in Axes
 11882 | D:13     | Found a gate to the Vaults.
 11882 | D:13     | Noticed a vault guard
 11891 | D:13     | Killed a vault guard
 11891 | D:13     | Received a gift from Okawaru
 12085 | D:14     | Reached XP level 13. HP: 117/117 MP: 13/13
 12110 | D:13     | Identified the ring of Xoabuoch {Contam rPois rF+ Int+5} (You found it on level 13 of the Dungeon)
 12112 | D:13     | Identified the cursed ring of Gapsal {rC- Int+8 Dex-3} (You found it on level 13 of the Dungeon)
 12116 | D:13     | Gained mutation: You heal slowly when monsters are visible. [mutagenic glow]
 12164 | D:14     | Noticed a centaur warrior
 12177 | D:14     | Killed a centaur warrior
 12237 | D:14     | Found a burning altar of Makhleb.
 12297 | D:14     | Noticed an eight-headed hydra
 12312 | D:14     | Killed an eight-headed hydra
 12687 | D:15     | Entered Level 15 of the Dungeon
 12873 | D:15     | Reached skill level 15 in Axes
 13042 | D:15     | Received a gift from Okawaru
 13169 | D:15     | Found a staircase to the Depths.
 13954 | Lair:1   | Entered Level 1 of the Lair of Beasts
 14731 | Lair:2   | Noticed Urug
 14750 | Lair:2   | Killed Urug
 15001 | Lair:2   | Received a gift from Okawaru
 15011 | Lair:2   | Got a pair of distressingly furry boots {god gift}
 15022 | Lair:2   | Identified the +1 pair of boots of the Meadowlark {Str+6 Dex+3 Stlth+} (Okawaru gifted it to you on level 2 of the Lair of Beasts)
 15349 | Lair:2   | Noticed Gastronok
 15363 | Lair:2   | Killed Gastronok
 15363 | Lair:2   | Reached skill level 16 in Axes
 15363 | Lair:2   | Reached XP level 14. HP: 113/128 MP: 15/15
 15749 | Lair:3   | Found a staircase to the Snake Pit.
 15760 | Lair:3   | Noticed Sonja
 16321 | Lair:3   | Killed Sonja
 17124 | Lair:4   | Received a gift from Okawaru
 18080 | Lair:5   | Found a staircase to the Shoals.
 18448 | Lair:6   | Received a gift from Okawaru
 18457 | Lair:6   | Reached skill level 17 in Axes
 19279 | Lair:7   | Found a staircase to the Slime Pits.
 19415 | Lair:7   | Reached XP level 15. HP: 139/139 MP: 16/16
 19593 | Lair:7   | Reached skill level 15 in Shields
 19679 | Lair:8   | Entered Level 8 of the Lair of Beasts
 19973 | Lair:8   | Found a staircase to the Slime Pits.
 19974 | Lair:8   | Found a viscous altar of Jiyva.
 20211 | Lair:8   | Received a gift from Okawaru
 20220 | Lair:8   | Reached skill level 15 in Fighting
 20233 | Lair:8   | Reached skill level 18 in Axes
 20242 | Lair:8   | Got a slimy shield {god gift}
 20253 | Lair:8   | Identified the +9 shield "Laqiweec" {rN+ Str+2 Int-3} (Okawaru gifted it to you on level 8 of the Lair of Beasts)
 21154 | Orc:1    | Entered Level 1 of the Orcish Mines
 21168 | Orc:1    | Found Ziacvotum's Book Shop.
 21170 | Orc:1    | Bought a manual of Axes for 1435 gold pieces
 21192 | Orc:1    | Found a roughly hewn altar of Beogh.
 21432 | Orc:2    | Noticed Snorg
 21448 | Orc:2    | Killed Snorg
 21465 | Orc:2    | Noticed Maurice
 21477 | Orc:2    | Killed Maurice
 21511 | Orc:2    | Noticed Nergalle
 21554 | Orc:2    | Killed Nergalle
 21872 | Orc:3    | Found a staircase to the Elven Halls.
 21902 | Orc:3    | Found Haososo's Weapon Shoppe.
 21910 | Orc:3    | Noticed Nessos
 21932 | Orc:3    | Killed Nessos
 22118 | Orc:2    | Noticed Fannar
 22128 | Orc:2    | Killed Fannar
 22728 | Orc:4    | Entered Level 4 of the Orcish Mines
 22801 | Orc:4    | Found Gushreot's Jewellery Emporium.
 22841 | Orc:4    | Found Lauv's Antique Armour Shop.
 22844 | Orc:4    | Gained mutation: You tend to lose your temper in combat. [a neqoxec]
 22850 | Orc:4    | Received a gift from Okawaru
 22856 | Orc:4    | Gained mutation: You expend magic power (3 MP) to strengthen your wands. [a neqoxec]
 22958 | Orc:4    | Reached skill level 19 in Axes
 23107 | Orc:4    | Found Xom Daom's Antique Weapon Shoppe.
 23334 | Orc:4    | Found Kainovve's General Store.
 23355 | Orc:4    | Bought a potion of resistance for 160 gold pieces
 23355 | Orc:4    | Bought a potion of curing for 48 gold pieces
 23470 | Orc:4    | Found a roughly hewn altar of Beogh.
 23962 | Lair:2   | Gained mutation: You can translocate small distances at will. [potion of mutation]
 23962 | Lair:2   | Gained mutation: You are occasionally teleported to nearby monsters. [potion of mutation]
 23962 | Lair:2   | Gained mutation: Your muscles are strong. (Str +2) [potion of mutation]
 23975 | Lair:2   | Reached skill level 1 in Throwing
 23975 | Lair:2   | Reached skill level 1 in Unarmed Combat
 23975 | Lair:2   | Reached XP level 16. HP: 149/149 MP: 18/18
 24118 | Lair:2   | Lost mutation: You heal slowly when monsters are visible. [potion of cure mutation]
 24118 | Lair:2   | Lost mutation: You tend to lose your temper in combat. [potion of cure mutation]
 24118 | Lair:2   | Lost mutation: Your muscles are strong. (Str +2) [potion of cure mutation]
 24118 | Lair:2   | Lost mutation: You are occasionally teleported to nearby monsters. [potion of cure mutation]
 24118 | Lair:2   | Lost mutation: You can translocate small distances at will. [potion of cure mutation]
 24118 | Lair:2   | Lost mutation: You expend magic power (3 MP) to strengthen your wands. [potion of cure mutation]
 24137 | Lair:2   | Gained mutation: You are dopey. (Int -2) [potion of mutation]
 24137 | Lair:2   | Gained mutation: Potions and wands are less effective at restoring your health. [potion of mutation]
 24137 | Lair:2   | Gained mutation: Your system is resistant to poisons. [potion of mutation]
 24138 | Lair:2   | Lost mutation: Your system is resistant to poisons. [potion of cure mutation]
 24138 | Lair:2   | Lost mutation: You are dopey. (Int -2) [potion of cure mutation]
 24138 | Lair:2   | Lost mutation: Potions and wands are less effective at restoring your health. [potion of cure mutation]
 24306 | Shoals:1 | Entered Level 1 of the Shoals
 24404 | Shoals:1 | Received a gift from Okawaru
 24405 | Shoals:1 | Got a pair of heavily runed boots {god gift}
 24442 | Lair:5   | Identified the +4 pair of boots of the Mackerel {rF- Regen+ Str+4} (Okawaru gifted it to you on level 1 of the Shoals)
 24910 | Shoals:1 | Reached XP level 17. HP: 100/158 MP: 19/19
 25176 | Shoals:2 | Reached skill level 20 in Axes
 25344 | Shoals:2 | Identified a scroll of acquirement
 25345 | Shoals:2 | Got a warped cloak
 25358 | Shoals:2 | Identified the +2 cloak of Imperfection {rF++} (You acquired it on level 2 of the Shoals)
 25498 | Shoals:2 | Got a pair of ancient gloves
 25511 | Shoals:2 | Identified the +0 pair of gloves "Haofum" {Regen+ rCorr MP-9 Int+3} (You acquired it on level 2 of the Shoals)
 25532 | Shoals:2 | Received a gift from Okawaru
 26577 | Shoals:4 | Reached skill level 21 in Axes
 26971 | Shoals:5 | Entered Level 5 of the Shoals
 26971 | Shoals:5 | Noticed Aizul
 26987 | Shoals:5 | Killed Aizul
 27279 | Shoals:5 | Received a gift from Okawaru
 27385 | Shoals:5 | Noticed Mara
 27389 | Shoals:5 | Noticed Ilsuiw
 27406 | Shoals:5 | Noticed Polyphemus
 27412 | Shoals:5 | Killed Mara
 27450 | Shoals:5 | Killed Polyphemus
 27450 | Shoals:5 | Received a gift from Okawaru
 27451 | Shoals:5 | Got a bloodstained war axe {god gift}
 27460 | Shoals:5 | Reached skill level 22 in Axes
 27473 | Shoals:5 | Killed Ilsuiw
 27586 | Shoals:4 | Identified the +8 war axe of Overwhelming Force {flame, -Tele rPois Dex+3} (Okawaru gifted it to you on level 5 of the Shoals)
 27819 | Shoals:5 | Reached XP level 18. HP: 130/168 MP: 9/20
 27862 | Shoals:5 | Received a gift from Okawaru
 28505 | Shoals:5 | Got a barnacled rune of Zot
 28964 | Snake:1  | Entered Level 1 of the Snake Pit
 29651 | Snake:2  | Found Untif's Food Shop.
 30130 | Snake:2  | Bought 4 fruits for 66 gold pieces
 30130 | Snake:2  | Bought 2 fruits for 33 gold pieces
 30545 | Snake:3  | Noticed Vashnia
 30573 | Snake:3  | Killed Vashnia
 30573 | Snake:3  | Received a gift from Okawaru
 30732 | Snake:4  | Noticed Jorgrun
 30769 | Snake:4  | Killed Jorgrun
 30935 | Snake:4  | Noticed Nikola
 31067 | Snake:4  | Reached skill level 5 in Invocations
 31409 | Snake:4  | Reached skill level 23 in Axes
 31650 | Snake:4  | Killed Nikola
 31711 | Snake:4  | Received a gift from Okawaru
 31832 | Snake:4  | Found a runed door.
 32112 | Snake:4  | Reached XP level 19. HP: 172/178 MP: 11/22
 32335 | Snake:5  | Entered Level 5 of the Snake Pit
 32368 | Snake:5  | Found Zexonto's Antique Armour Emporium.
 32840 | Snake:5  | Received a gift from Okawaru
 32987 | Snake:5  | Got a serpentine rune of Zot
 33914 | Elf:1    | Entered Level 1 of the Elven Halls
 34120 | Elf:1    | Found Nudwuofuni's Food Emporium.
 34184 | Elf:1    | Received a gift from Okawaru
 34684 | Elf:1    | Gained mutation: Your flesh is cold resistant. [potion of beneficial mutation]
 34904 | Elf:2    | Found a frozen archway.
 35188 | Elf:2    | Found a runed gate.
 35189 | Elf:2    | Found a runed gate.
 35189 | Elf:2    | Found a runed gate.
 35292 | Elf:2    | Cast into the Abyss (a deep elf sorcerer)
 35336 | Abyss:1  | Reached skill level 24 in Axes
 35540 | Abyss:1  | Paralysed by accursed screaming for 2 turns
 35552 | Abyss:1  | Paralysed by accursed screaming for 1 turns
 35557 | Abyss:1  | Paralysed by accursed screaming for 1 turns
 35564 | Abyss:1  | Paralysed by accursed screaming for 1 turns
 35813 | Abyss:1  | Reached XP level 20. HP: 170/189 MP: 14/23
 35894 | Abyss:1  | Noticed a lich
 35898 | Abyss:1  | Paralysed by a lich for 5 turns
 35922 | Abyss:1  | Gained mutation: You are partially covered in icy blue scales (AC +1). [a cacodemon]
 35957 | Abyss:1  | Killed a lich
 35957 | Abyss:1  | Received a gift from Okawaru
 36082 | Abyss:1  | Gained mutation: Your body is slowly deteriorating. [a neqoxec]
 36258 | Elf:2    | Escaped the Abyss
 37670 | D:3      | Killed Grinder
 37886 | D:3      | Noticed Jessica
 37891 | D:3      | Killed Jessica
 38411 | Vaults:1 | Entered Level 1 of the Vaults
 38421 | Vaults:1 | Found Wavec's Book Shoppe.
 38769 | Vaults:1 | Received a gift from Okawaru
 38976 | Vaults:1 | Found a roughly hewn altar of Beogh.
 39009 | Vaults:1 | Received a gift from Okawaru
 39265 | Vaults:1 | Upgraded the game from 0.17-a0-555-g23c20b2 to 0.17-a0-580-g22c127a
 39832 | Vaults:2 | Found Arpheeme's Jewellery Shoppe.
 39832 | Vaults:2 | Noticed Sojobo
 39858 | Vaults:2 | Received a gift from Okawaru
 39869 | Vaults:2 | Killed Sojobo
 39992 | Vaults:2 | Noticed Donald
 40012 | Vaults:2 | Killed Donald
 40277 | Vaults:2 | Received a gift from Okawaru
 40283 | Vaults:2 | Reached skill level 25 in Axes
 40308 | Vaults:2 | Identified a +0 pair of boots of running (Okawaru gifted it to you on level 2 of the Vaults)
 40501 | Vaults:2 | Reached skill level 10 in Dodging
 40529 | Vaults:2 | Reached XP level 21. HP: 135/199 MP: 9/25
 40996 | Vaults:3 | Noticed Asterion
 41012 | Vaults:3 | Killed Asterion
 41024 | Vaults:3 | Received a gift from Okawaru
 41134 | Vaults:3 | Found Maklarruhum's Food Emporium.
 41390 | Vaults:3 | Noticed Margery
 41403 | Vaults:3 | Killed Margery
 41444 | Vaults:3 | Received a gift from Okawaru
 41529 | Vaults:3 | Noticed Frederick
 41550 | Vaults:3 | Killed Frederick
 41670 | Vaults:3 | Found a staircase to the Crypt.
 41670 | Vaults:3 | Found a basalt altar of Yredelemnul.
 41671 | Vaults:3 | Found an ancient bone altar of Kikubaaqudgha.
 42140 | Vaults:4 | Received a gift from Okawaru
 42244 | Vaults:4 | Reached skill level 26 in Axes
 42247 | Vaults:4 | Received a gift from Okawaru
 42573 | Vaults:4 | Received a gift from Okawaru
 42824 | Vaults:4 | Received a gift from Okawaru
 43192 | Vaults:4 | Found a flickering gateway to a bazaar.
 43201 | Bazaar   | Entered a bazaar
 43208 | Bazaar   | Found Rergh's Book Shop.
 43222 | Bazaar   | Found Jiqulef's Food Boutique.
 43251 | Bazaar   | Found Qypu's Food Boutique.
 43265 | Bazaar   | Found Elofidit's Weapon Shop.
 43279 | Bazaar   | Found Enli's Food Boutique.
 43293 | Bazaar   | Found Taud's Book Shop.
 43530 | Vaults:5 | Entered Level 5 of the Vaults
 43561 | Vaults:5 | Reached XP level 22. HP: 175/211 MP: 11/26
 43754 | Vaults:5 | Received a gift from Okawaru
 43755 | Vaults:5 | Got an ancient cloak {god gift}
 43873 | Vaults:5 | Reached skill level 15 in Armour
 43983 | Vaults:5 | Identified the +1 cloak "Okiorghaykk" {rF+ Int+3} (Okawaru gifted it to you on level 5 of the Vaults)
 44063 | Vaults:5 | Reached skill level 27 in Axes
 44096 | Vaults:5 | Found Ajeuzuaz's Magic Scroll Boutique.
 44259 | Vaults:5 | Got a shimmering fire dragon armour
 44270 | Vaults:5 | Identified the +1 fire dragon armour of Hedging {-Tele rPois rF++ rC- Str+9 Dex-4} (You found it on level 5 of the Vaults)
 44306 | Vaults:5 | Got a pair of dazzling boots
 44317 | Vaults:5 | Identified the +3 pair of boots of the Locust {rF++} (You found it on level 5 of the Vaults)
 44451 | Vaults:5 | Cast into the Abyss (a deep elf demonologist)
 44549 | Abyss:1  | Found a corrupted altar of Lugonu.
 45069 | Abyss:1  | Received a gift from Okawaru
 45421 | Abyss:1  | Reached XP level 23. HP: 199/221 MP: 19/28
 45529 | Abyss:1  | Gained mutation: Your body is deteriorating. [a neqoxec]
 45669 | Abyss:1  | Found a sparkling altar of Nemelex Xobeh.
 46490 | Abyss:1  | Found an ancient bone altar of Kikubaaqudgha.
 46495 | Abyss:1  | Found a bloodstained altar of Trog.
 46550 | Vaults:5 | Escaped the Abyss
 46702 | Vaults:5 | Received a gift from Okawaru
 47148 | Vaults:5 | Received a gift from Okawaru
 47198 | Vaults:5 | Got a silver rune of Zot
 47991 | Depths:1 | Entered Level 1 of the Depths
 48275 | Depths:1 | Found a gateway to a ziggurat.
 48324 | Depths:1 | Found a shimmering altar of Xom.
 48612 | Depths:1 | Found a gateway to Hell.
 49050 | Depths:2 | Received a gift from Okawaru
 49079 | Depths:2 | Found a one-way gate leading to the halls of Pandemonium.
 49102 | Depths:2 | Reached XP level 24. HP: 164/231 MP: 17/28
 49231 | Depths:2 | Got a twisted triple sword
 49235 | Depths:2 | Identified the +9 triple sword of Sloth {freeze, +Rage Str+5 Dex-4} (You found it on level 2 of the Depths)
 49681 | Depths:2 | Found a shadowy altar of Dithmenos.
 49953 | Depths:3 | Found a one-way gate to the infinite horrors of the Abyss.
 49977 | Depths:3 | Noticed Norris
 49997 | Depths:3 | Killed Norris
 49997 | Depths:3 | Received a gift from Okawaru
 50022 | Depths:3 | Noticed Mennas
 50036 | Depths:3 | Noticed Jory
 50042 | Depths:3 | Killed Mennas
 50054 | Depths:3 | Killed Jory
 50096 | Depths:3 | You fall through a shaft for 2 floors!
 50096 | Depths:5 | Entered Level 5 of the Depths
 50826 | Depths:5 | Received a gift from Okawaru
 51091 | Depths:5 | Found a gate to the Realm of Zot.
 51126 | Zot:1    | Entered Level 1 of the Realm of Zot
 51182 | Zot:1    | Received a gift from Okawaru
 51443 | Zot:1    | Reached skill level 27 in Shields
 51970 | Zot:2    | Reached XP level 25. HP: 176/243 MP: 20/29
 52647 | Zot:2    | Noticed an orb of fire
 52654 | Zot:2    | Killed from afar by an orb of fire

Action                   |  1- 3 |  4- 6 |  7- 9 | 10-12 | 13-15 | 16-18 | 19-21 | 22-24 | 25-27 || total
-------------------------+-------+-------+-------+-------+-------+-------+-------+-------+-------++-------
Melee: War axe           |   118 |   132 |   236 |       |       |   404 |  1329 |  1439 |   167 ||  3825
       Broad axe         |       |       |    87 |   506 |  1076 |   688 |   268 |   462 |       ||  3087
       Flail             |       |       |       |    26 |    61 |       |       |       |       ||    87
       Mace              |       |       |       |       |    11 |       |       |       |       ||    11
Invok: Heroism           |       |       |       |     7 |     4 |     7 |    20 |    11 |     1 ||    50
       Finesse           |       |       |       |     3 |     4 |     6 |    16 |     7 |       ||    36
Evoke: Sack of spiders   |       |       |     6 |       |       |       |       |       |       ||     6
       Wand              |       |       |       |       |       |     5 |       |       |       ||     5
       Phial of floods   |       |       |       |       |       |     1 |       |       |       ||     1
  Use: Potion            |     4 |       |     3 |       |     9 |     7 |    16 |     4 |       ||    43
       Scroll            |       |       |     8 |    11 |    16 |    14 |    17 |    10 |     1 ||    77
 Stab: Petrified         |       |       |       |       |     2 |       |       |       |       ||     2
       Fleeing           |       |       |       |       |       |     1 |       |       |       ||     1
       Distracted        |       |       |       |       |       |       |     1 |     1 |       ||     2
  Eat: Chunk             |     4 |     6 |    10 |    12 |    26 |     8 |    19 |    13 |       ||    98
       Beef jerky        |       |       |       |     3 |     3 |       |     3 |     2 |       ||    11
       Pizza             |       |       |       |     1 |     1 |       |     7 |     2 |       ||    11
       Fruit             |       |       |       |       |    10 |    24 |     8 |    12 |       ||    54
       Royal jelly       |       |       |       |       |       |       |     1 |     3 |       ||     4
